 Dungeon Crawl Stone Soup version 0.31-a0-185-g9dded2c639 (webtiles) character file.

Game seed: 13564801000985064468

274 qw the Skirmisher (level 6, -1/35 HPs)
             Began as a Deep Elf Hunter on June 22, 2023.
             Succumbed to a water moccasin's poison
             ... on level 5 of the Dungeon.
             The game lasted 00:01:20 (3095 turns).

qw the Skirmisher (Deep Elf Hunter)                 Turns: 3095, Time: 00:01:21

Health: -1/35      AC:  9    Str: 10    XL:     6   Next: 3%
Magic:  2/8        EV: 11    Int: 12    God:
Gold:   128        SH:  0    Dex: 18    Spells: 5/5 levels left

rFire   . . .        Y - +1 shortbow
rCold   x . .        (shield currently unavailable)
rNeg    . . .        h - +0 ring mail
rPois   .            a - +0 helmet
rElec   .            m - +0 cloak
rCorr   .            (no gloves)
SInv    .            (no boots)
Will    .....        c - amulet of guardian spirit
Stlth   +            (no ring)
HPRegen 0.25/turn    (no ring)
MPRegen 0.11/turn

%: guardian spirit
@: lethally poisoned (-1 -> -12), about to teleport
A: iridescent scales 1, dopey 1, cold vulnerability 1, MP-powered wands
a: no special abilities


You were on level 5 of the Dungeon.
You visited 2 branches of the dungeon, and saw 6 of its levels.

You collected 324 gold pieces.
You spent 196 gold pieces at shops.


Innate Abilities, Weirdness & Mutations

You are partially covered in iridescent scales. (AC +2)
You are dopey. (Int -2)
You are vulnerable to cold. (rC-)
You expend magic power (3 MP) to strengthen your wands.


   Skills:
 - Level 2.0 Fighting
 + Level 9.1 Ranged Weapons
 - Level 1.2 Armour
 - Level 2.4 Dodging
 - Level 1.2 Stealth


You had 5 spell levels left.
You didn't know any spells.
Your spell library was empty.

Inventory:

Hand Weapons
 Y - a +1 shortbow (weapon)
Armour
 a - a +0 helmet (worn)
 h - a +0 ring mail (worn)
 m - a +0 cloak (worn)
Jewellery
 c - an amulet of guardian spirit (around neck)
Scrolls
 g - a scroll of teleportation
Potions
 b - a potion of cancellation {unknown}
 d - a potion of invisibility {unknown}
 e - a potion of curing {unknown}
 f - a potion of resistance {unknown}
 k - a potion of haste {unknown}
 l - 2 potions of might
 n - 2 potions of enlightenment

Dungeon Overview and Level Annotations

Branches:
Dungeon (5/15)             Temple (1/1) D:5

Altars:
Cheibriados
Dithmenos
Elyvilon
Fedhas
Gozag
Hepliaklqana
Kikubaaqudgha
Nemelex Xobeh
Qazlal
Ru
Sif Muna
Trog
Vehumet
Wu Jian
Xom
Zin
The Shining One

Shops:
D:4 !

Annotations:
D:3 2 transporters, qw's ghost, amateur GrFi


Message History

A water moccasin comes into view.
Found a robe.
The water moccasin hisses angrily.
The water moccasin moves out of view.
Enter note:
Enter note:
Enter note:
Enter note:
Enter note:
Enter note:
Enter note:
Enter note: You shoot an arrow.
The arrow barely misses the water moccasin.
The water moccasin bites you!
You are poisoned.
The water moccasin poisons you!
You shoot an arrow.
The arrow barely misses the water moccasin.
You feel very sick. The water moccasin bites you! The water moccasin bites you.
You are lethally poisoned!
The water moccasin poisons you!
You shoot an arrow. The arrow hits the water moccasin!
The water moccasin is moderately wounded.
You feel extremely sick. The water moccasin bites you.
You shoot an arrow.
The arrow closely misses the water moccasin.
You feel very sick. The water moccasin barely misses you.
The water moccasin completely misses you.
3094 ||| READING 2 scrolls of teleportation.
As you read the scroll of teleportation, it crumbles to dust.
You feel strangely unstable.
You feel very sick. The water moccasin bites you.
You shoot an arrow. The arrow hits the water moccasin!
The water moccasin is severely wounded.
You die...

##.#.##........?###
#..#.###.##.##.##
#..#...........#
#..#############
##.## #..# #..#
###..### #....@.#
#..##S...^...
#..#......###
#.#......##
#.......##
#......## #....###
...[##


You could see a water moccasin.

Vanquished Creatures
  2 hounds (D:4)
  A sleepcap (D:4)
  8 gnolls
  An adder (D:4)
  An ufetubus (D:5)
  4 worms
  2 dart slugs (D:1)
  2 orcs (D:5)
  6 bats
  6 endoplasms
  5 giant cockroaches
  3 goblins
  5 hobgoblins
  5 jackals (D:1)
  6 kobolds
  5 quokkas
  8 ball pythons
  8 frilled lizards
  7 rats
85 creatures vanquished.

Notes
Turn   | Place    | Note
-------+----------+-------------------------------------------
     0 | D:1      | qw the Deep Elf Hunter began the quest for the Orb.
     0 | D:1      | Reached XP level 1. HP: 12/12 MP: 3/3
     0 | D:1      | 0 ||| qw: Version: 0.3-a-9-g12657ce
     0 | D:1      | 0 ||| qw: Game counter: 1837
     0 | D:1      | 0 ||| qw: Always use a shield: true
     0 | D:1      | 0 ||| qw: God list: Okawaru
     0 | D:1      | 0 ||| qw: Allow faded altars: false
     0 | D:1      | 0 ||| qw: Do Orc after D:15 true
     0 | D:1      | 0 ||| qw: Do second Lair branch before Depths: true
     0 | D:1      | 0 ||| qw: Lair rune preference: random
     0 | D:1      | 0 ||| qw: Plans: Normal
     0 | D:1      | 0 ||| PLANNING D:1-11
    65 | D:1      | Reached skill level 6 in Ranged Weapons
    65 | D:1      | Reached XP level 2. HP: 16/16 MP: 4/4
   220 | D:1      | Reached XP level 3. HP: 20/20 MP: 5/5
   501 | D:1      | 501 ||| UPGRADING to +0 scale mail.
   511 | D:1      | 511 ||| DROPPING +0 leather armour.
   512 | D:1      | 512 ||| READING scroll labelled LUFATY PUSTRA.
   613 | D:1      | 613 ||| READING 2 scrolls labelled ATOUDEUPIL.
   617 | D:1      | 617 ||| READING scroll labelled OFIBRA JAPHE.
   618 | D:1      | 618 ||| READING scroll labelled VAUTAK SEFOE.
   619 | D:1      | 619 ||| DROPPING scroll of butterflies.
   642 | D:2      | Reached skill level 7 in Ranged Weapons
   836 | D:2      | Reached XP level 4. HP: 23/25 MP: 6/6
   957 | D:2      | Found a faded altar of an unknown god.
  1296 | D:2      | 1296 ||| UPGRADING to amulet of guardian spirit.
  1301 | D:2      | 1301 ||| READING scroll labelled TEM ZIUCUQU.
  1368 | D:3      | Reached skill level 8 in Ranged Weapons
  1427 | D:3      | Noticed a small abomination
  1438 | D:3      | Noticed an ancient zyme
  1439 | D:3      | Found a transporter.
  1672 | D:3      | Found a transporter.
  1677 | D:3      | 1677 ||| UPGRADING to +0 helmet.
  1682 | D:3      | 1682 ||| UPGRADING to +0 cloak.
  1687 | D:3      | 1687 ||| READING scroll labelled QEOD RULUHEJERR.
  1688 | D:3      | 1688 ||| READING scroll labelled QATUBO TOPHU.
  1689 | D:3      | 1689 ||| DRINKING 2 fuming clear potions.
  1689 | D:3      | Gained mutation: You are partially covered in iridescent
                  | scales. (AC +2) [potion of mutation]
  1689 | D:3      | Gained mutation: You are frail. (-10% HP) [potion of
                  | mutation]
  1689 | D:3      | Gained mutation: You are strong-willed. (Will+) [potion of
                  | mutation]
  1690 | D:3      | 1690 ||| DRINKING potion of mutation.
  1690 | D:3      | Lost mutation: You are frail. (-10% HP) [potion of
                  | mutation]
  1690 | D:3      | Lost mutation: You are partially covered in iridescent
                  | scales. (AC +2) [potion of mutation]
  1690 | D:3      | Lost mutation: You are strong-willed. (Will+) [potion of
                  | mutation]
  1690 | D:3      | Gained mutation: You are vulnerable to cold. (rC-) [potion
                  | of mutation]
  1690 | D:3      | Gained mutation: You expend magic power (3 MP) to
                  | strengthen your wands. [potion of mutation]
  1690 | D:3      | Gained mutation: You are dopey. (Int -2) [potion of
                  | mutation]
  1690 | D:3      | Gained mutation: You are partially covered in iridescent
                  | scales. (AC +2) [potion of mutation]
  1698 | D:3      | Noticed qw's ghost (amateur GrFi)
  1798 | D:4      | Reached skill level 1 in Armour
  1798 | D:4      | Reached XP level 5. HP: 29/29 MP: 7/7
  2044 | D:4      | Found Pappe's Distillery.
  2050 | D:4      | 2050 ||| BUYING potion of enlightenment (70 gold).
  2050 | D:4      | Bought a potion of enlightenment for 70 gold pieces
  2050 | D:4      | 2050 ||| BUYING potion of enlightenment (70 gold).
  2050 | D:4      | Bought a potion of enlightenment for 70 gold pieces
  2050 | D:4      | 2050 ||| BUYING potion of might (56 gold).
  2050 | D:4      | Bought a potion of might for 56 gold pieces
  2363 | D:4      | 2363 ||| READING scroll labelled TANOG JUEXZEA.
  2364 | D:4      | 2364 ||| DRINKING 2 orange potions.
  2396 | D:4      | 2396 ||| DRINKING 2 coppery potions.
  2397 | D:4      | 2397 ||| DROPPING potion of lignification.
  2436 | D:5      | Entered Level 5 of the Dungeon
  2441 | D:5      | 2441 ||| STAIRDANCE
  2681 | D:5      | Found a staircase to the Ecumenical Temple.
  2682 | D:5      | 2682 ||| PLANNING TEMPLE
  2682 | D:5      | 2682 ||| UPGRADING to +0 ring mail.
  2692 | D:5      | 2692 ||| DROPPING +0 scale mail.
  2698 | D:5      | Reached skill level 9 in Ranged Weapons
  2719 | D:5      | HP: 4/30 [gnoll/+0 halberd (9)]
  2720 | D:5      | 2720 ||| READING 3 scrolls of teleportation.
  2721 | D:5      | 2721 ||| DRINKING potion of heal wounds.
  2725 | D:5      | Reached XP level 6. HP: 20/35 MP: 1/8
  2845 | Temple   | Entered the Ecumenical Temple
  3027 | Temple   | 3027 ||| PLANNING D:1-11
  3086 | D:5      | Noticed a water moccasin
  3093 | D:5      | HP: 4/35 [poisoned by a water moccasin]
  3094 | D:5      | 3094 ||| READING 2 scrolls of teleportation.
  3094 | D:5      | HP: 1/35 [poisoned by a water moccasin]
  3095 | D:5      | Succumbed to a water moccasin's poison

Levels and vault maps discovered:
D:1:      scummos_arrival_forest, layout_rooms
D:2:      layout_loops_ring, hellmonk_ecumenical_altar_slurped_away
D:3:      layout_rooms, gammafunk_ghost_abyssal_escape, kennysheep_nub,
          amcnicky_mini_corridor_feature
D:4:      layout_loops_cross, serial_shops, shop
D:5:      layout_cave_pods, minmay_temple_entry_large_hall, serial_shops, shop,
          cheibrodos_gnoll_hut
Temple:   nicolae_temple_bog_church

Skill      XL: |  1  2  3  4  5 |
---------------+----------------+-----
Ranged Weapons | 6 7 8 9 |  9.1
Armour         | 1 |  1.2
Fighting       | 2 |  2.0
Dodging        | |  2.4
Stealth        | |  1.2

Action                     |  1- 3 |  4- 6 || total
---------------------------+-------+-------++-------
   Fire: Shortbow          |   127 |   173 ||   300
    Use: Scroll            |     4 |     6 ||    10
         Potion            |       |     5 ||     5
 Armour: Leather armour    |     6 |       ||     6
         Scale mail        |     4 |    27 ||    31
         Ring mail         |       |     3 ||     3
  Dodge: Dodged            |    23 |    56 ||    79

Table legend:
 A = Non-vault XP
 B = Vault XP
 C = Vault XP percentage of total XP
 D = Non-vault monster count
 E = Vault monster count
 F = Vault count percentage of total count
                 A         B        C        D         E       F
            +---------+---------+-------+---------+---------+-------
      Total |     390 |       2 |   0.5 |      84 |       1 |   1.2
            +---------+---------+-------+---------+---------+-------
        D:1 |      58 |       0 |   0.0 |      34 |       0 |   0.0
        D:2 |      86 |       2 |   2.3 |      19 |       1 |   5.0
        D:3 |      15 |       0 |   0.0 |       9 |       0 |   0.0
        D:4 |     161 |       0 |   0.0 |      15 |       0 |   0.0
        D:5 |      70 |       0 |   0.0 |       7 |       0 |   0.0
            +---------+---------+-------+---------+---------+-------
